 Dungeon Crawl Stone Soup version 0.29.1-1-gd02db6906a (webtiles) character file.

Game seed: 10906167907911541835

5138 Ashen the Destroyer (level 10, -2/114 HPs)
             Began as a Demonspawn Conjurer on Oct 3, 2022.
             Was a Believer of Vehumet.
             Slain by a hornet (8 damage)
             ... while paralysed by a hornet
             ... on level 9 of the Dungeon.
             The game lasted 00:27:36 (12574 turns).

Ashen the Destroyer (Demonspawn Conjurer)          Turns: 12574, Time: 00:27:36

Health: -2/114     AC: 25    Str:  8    XL:     10   Next: 33%
Magic:  31/31      EV:  2    Int: 29    God:    Vehumet [**....]
Gold:   419        SH:  0    Dex: 12    Spells: 15/25 levels left

rFire   . . .      SeeInvis .   t - +2 dagger (venom)
rCold   . . .      Faith    .   (no shield)
rNeg    . . .      Spirit   .   (body armour currently unavailable)
rPois   +          Reflect  .   (helmet currently unavailable)
rElec   .          Harm     .   (cloak currently unavailable)
rCorr   .          Rampage  .   (gloves currently unavailable)
Will    .....      NoTele   +   (boots currently unavailable)
Stlth   +++.......              (no amulet)
HPRegen 0.29/turn               n - ring of magical power
MPRegen 0.22/turn               w - +6 ring of intelligence

@: paralysed, lethally poisoned (-2 -> -3), tree-form
A: stationary, stasis, torment immunity, boosted hp, (claws 1), (sturdy frame
1), demonic magic 1
a: Renounce Religion


You were on level 9 of the Dungeon.
You worshipped Vehumet.
Vehumet was pleased with you.
You were a tree.
You visited 2 branches of the dungeon, and saw 10 of its levels.

You collected 419 gold pieces.

Inventory:

Hand Weapons
 o - a +2 dagger of electrocution
 t - a +2 dagger of venom (weapon)
Missiles
 d - a throwing net
 f - 17 poisoned darts
 B - 43 stones
Armour
 v - a +2 leather armour of willpower (melded)
Jewellery
 a - a +4 ring of evasion
 m - a +6 ring of intelligence
 n - a ring of magical power (left branch)
 w - a +6 ring of intelligence (right branch)
 E - a ring of protection from cold
Wands
 r - a wand of mindburst (13)
 u - a wand of iceblast (6)
 y - a wand of paralysis (10)
Scrolls
 c - 3 scrolls of noise {unknown}
 e - 4 scrolls of enchant armour {unknown}
 g - 3 scrolls of amnesia {unknown}
 h - 2 scrolls of vulnerability
 k - 2 scrolls of immolation
 x - 4 scrolls of teleportation {unknown}
 A - a scroll of butterflies {unknown}
 D - a scroll of poison {unknown}
 F - a scroll of magic mapping {unknown}
Potions
 b - 2 potions of magic
 j - 4 potions of mutation
 l - a potion of cancellation
 p - 2 potions of might
 q - a potion of flight {unknown}
 s - a potion of invisibility {unknown}
 z - a potion of berserk rage
 G - a potion of curing {unknown}


   Skills:
 + Level 5.8 Fighting
 + Level 5.8 Dodging
 - Level 5.0 Stealth
 * Level 8.0 Spellcasting
 * Level 9.4 Conjurations


You had 15 spell levels left.
You knew the following spells:

 Your Spells              Type           Power      Damage    Failure   Level
a - Magic Dart            Conj           100%       1d8       1%          1
b - Searing Ray           Conj           100%       2d8       1%          2
c - Dazzling Flash        Conj/Hex       76%        N/A       1%          3
d - Iskenderun's Mystic   Conj/Tloc      38%        2d9       7%          4

Your spell library contained the following spells:

 Spells                   Type           Power      Damage    Failure   Level
 Poisonous Vapours        Pois/Air       22%        N/A       7%          2
 Static Discharge         Conj/Air       38%        3-8/arc   1%          2
 Apportation              Tloc           22%        N/A       4%          1
 Freeze                   Ice            44%        1d6       4%          1
 Necrotise                Necr           44%        1d6       4%          1
 Summon Small Mammal      Summ           44%        N/A       4%          1
 Fulminant Prism          Conj/Hex       19%        3d11      7%          4
 Hailstorm                Conj/Ice       38%        3d9       7%          4
 Sticky Flame             Conj/Fire      38%        2d6       7%          4
 Frozen Ramparts          Ice            22%        1d4       14%         3
 Ozocubu's Armour         Ice            11%        N/A       14%         3
 Lightning Bolt           Conj/Air       19%        1d33      19%         5
 Dispel Undead            Necr           11%        3d9       41%         4
 Conjure Ball Lightning   Conj/Air       19%        3x3d6     71%         6
 Alistair's Intoxication  Tmut/Pois      7%         N/A       77%         5
 Metabolic Englaciation   Hex/Ice        5%         N/A       77%         5
 Simulacrum               Ice/Necr       5%         N/A       100%        6
 Discord                  Hex            5%         N/A       100%        8
 Disjunction              Tloc           5%         N/A       100%        8
 Maxwell's Capacitive Co  Air            5%         ∞         100%        8


Dungeon Overview and Level Annotations

Branches:
Dungeon (9/15)             Temple (1/1) D:7
   Lair: D:8-11         Orc: D:9-12

Altars:
Ashenzari
Cheibriados
Dithmenos
Fedhas
Gozag
Hepliaklqana
Kikubaaqudgha
Makhleb
Nemelex Xobeh
Okawaru
Qazlal
Ru
Sif Muna
Trog
Uskayaw
Vehumet
Wu Jian
Xom
Yredelemnul

Shops:
D:1 =   D:4 (

Annotations:
D:2 Terence
D:6 Duvessa


Innate Abilities, Weirdness & Mutations

You are a tree.
Your roots penetrate the ground, keeping you stationary.
You cannot be teleported.
You are immune to unholy pain and torment.
Your maximum health is greatly increased.
Your equipment is partially melded.
((You have sharp fingernails.))
((Your movements are slightly less encumbered by armour. (ER -2)))
Spells you cast may paralyse adjacent enemies.


Message History

You nearly hit yourself!
You feel sick. The hornet stings you.
* * * LOW HITPOINT WARNING * * *
You feel yourself slow down. The hornet stings you.
* * * LOW HITPOINT WARNING * * *
You are lethally poisoned!
You feel as though you will be slow longer.
Unknown command.
You swing at nothing.
* * * LOW HITPOINT WARNING * * *
You feel very sick.
The hornet stings you but does no damage. x2
You swing at nothing.
You feel very sick.
The hornet stings you but does no damage. x2
You closely miss the hornet.
The hornet is moderately wounded.
You feel yourself speed up.
You feel very sick.
The hornet stings you but does no damage.
The hornet completely misses you.
The hornet stings you but does no damage.
You hit the hornet but do no damage.
The hornet is poisoned.
The hornet is moderately wounded.
You feel less invigorated.
You feel less confused.
You feel sick.
The hornet stings you but does no damage.
You barely miss the hornet.
The hornet is heavily wounded.
You feel sick.
The hornet stings you but does no damage.
The hornet stings you!
* * * LOW HITPOINT WARNING * * *
You suddenly lose the ability to move!
You feel sick.
The hornet stings you but does no damage.
You feel sick. The hornet stings you.
* * * LOW HITPOINT WARNING * * *
The hornet stings you!
You die...

..#... ......#
....#..##$......
........>.......
................
................
.................
.........†.......
........y.....$..
.........♣.......
.................
.................
..................
..................
.....................
.................#....#
........#.#.......##.#..
..............#.....##.....


You could see a hornet (very poisoned).

Vanquished Creatures
  A boulder beetle (D:8)
  A two-headed ogre (D:8)
  Grinder (D:6)
  A steam dragon (D:8)
  A water moccasin (D:7)
  An orc warrior (D:7)
  4 ice beasts
  3 ogres
  5 centaurs
  3 kobold brigands
  A scorpion (D:4)
  6 bullfrogs
  A gnoll sergeant (D:5)
  2 necrophages
  5 wights
  11 killer bees (D:7)
  2 howler monkeys (D:8)
  A hound (D:4)
  3 orc priests
  A gnoll bouda (D:8)
  A jelly (D:5)
  6 iguanas
  5 orc wizards
  6 adders
  14 gnolls
  A shadow imp (D:8)
  3 white imps
  3 worms
  11 orcs
  2 endoplasms
  A giant cockroach (D:2)
  8 hobgoblins
  10 jackals
  25 kobolds
  3 quokkas
  5 ball pythons
  3 bats (D:1)
  3 frilled lizards
  11 goblins
  8 rats
183 creatures vanquished.

Vanquished Creatures (others)
  Menkaure (D:7)
1 creature vanquished.

Grand Total: 184 creatures vanquished

Notes
Turn   | Place    | Note
-------+----------+-------------------------------------------
     0 | D:1      | Ashen the Demonspawn Conjurer began the quest for the Orb.
     0 | D:1      | Reached XP level 1. HP: 13/13 MP: 3/3
   286 | D:1      | Found Deuloacs's Jewellery Shoppe.
   333 | D:1      | Gained mutation: Your movements are slightly less
                  | encumbered by armour. (ER -2) [demonic ancestry]
   333 | D:1      | Reached XP level 2. HP: 19/19 MP: 1/5
   549 | D:1      | Found a faded altar of an unknown god.
  1408 | D:2      | Reached XP level 3. HP: 25/25 MP: 4/6
  1603 | D:2      | Learned a level 2 spell: Searing Ray
  1607 | D:2      | Learned a level 3 spell: Dazzling Flash
  1717 | D:2      | Noticed Terence
  1914 | D:2      | Reached skill level 1 in Fighting
  2514 | D:3      | Gained mutation: Spells you cast may paralyse adjacent
                  | enemies. [demonic ancestry]
  2514 | D:3      | Reached XP level 4. HP: 32/32 MP: 8/8
  3386 | D:4      | Found a hazy altar of Hepliaklqana.
  3394 | D:4      | Noticed a scorpion
  3410 | D:4      | Killed a scorpion
  3411 | D:4      | Reached XP level 5. HP: 23/38 MP: 9/9
  3553 | D:4      | Found a hide-covered altar of Uskayaw.
  3817 | D:4      | Reached skill level 5 in Conjurations
  4128 | D:3      | Reached XP level 6. HP: 31/44 MP: 11/11
  4268 | D:4      | Found a radiant altar of Vehumet.
  4270 | D:4      | Found a shadowy altar of Dithmenos.
  4376 | D:4      | Found Igees's Antique Weapon Emporium.
  4744 | D:4      | Learned a level 4 spell: Iskenderun's Mystic Blast
  4980 | D:5      | Entered Level 5 of the Dungeon
  5940 | D:5      | Reached XP level 7. HP: 26/51 MP: 13/13
  6499 | D:6      | Noticed Grinder
  6868 | D:4      | Found a sacrificial altar of Ru.
  6868 | D:4      | Found an ornate altar of the Wu Jian Council.
  6872 | D:4      | Became a worshipper of Vehumet
  6974 | D:6      | Reached skill level 6 in Conjurations
  7053 | D:6      | Killed Grinder
  7054 | D:6      | Reached XP level 8. HP: 57/58 MP: 9/15
  7189 | D:6      | Reached skill level 5 in Spellcasting
  7323 | D:6      | Noticed Duvessa
  8259 | D:7      | Reached skill level 7 in Conjurations
  8426 | D:7      | Reached * piety under Vehumet
  8426 | D:7      | Offered knowledge of Freeze by Vehumet.
  8434 | D:7      | Reached XP level 9. HP: 24/65 MP: 9/18
  9008 | D:7      | Noticed Menkaure
  9253 | D:7      | Found a staircase to the Ecumenical Temple.
  9262 | Temple   | Entered the Ecumenical Temple
  9527 | D:7      | Reached skill level 5 in Stealth
  9824 | D:7      | Reached skill level 8 in Conjurations
 10238 | D:8      | Reached skill level 5 in Dodging
 10302 | D:8      | Reached skill level 5 in Fighting
 10740 | D:8      | Reached ** piety under Vehumet
 10740 | D:8      | Offered knowledge of Poisonous Vapours by Vehumet.
 11180 | D:8      | Noticed a boulder beetle
 11329 | D:7      | Killed Menkaure
 11607 | D:8      | Killed a boulder beetle
 11608 | D:8      | Reached skill level 9 in Conjurations
 11608 | D:8      | Gained mutation: You have sharp fingernails. [demonic
                  | ancestry]
 11608 | D:8      | Reached XP level 10. HP: 28/74 MP: 4/21
 11989 | D:9      | Noticed a two-headed ogre
 12002 | D:8      | Killed a two-headed ogre
 12561 | D:9      | Paralysed by a hornet for 2 turns
 12572 | D:9      | Paralysed by a hornet for 3 turns
 12574 | D:9      | Slain by a hornet

Illustrated notes

Levels and vault maps discovered:
D:1:      lightli_arrival_lavapool, layout_basic,
          hellmonk_ecumenical_altar_heavens_door, serial_shops,
          nicolae_diamond_shop
D:2:      layout_loops_corners, uniq_terence
D:3:      layout_basic
D:4:      layout_basic, marbit_many_paths, nicolae_overflow_hidden_temple,
          serial_shops, shop, grunt_ministairs_7
D:5:      layout_basic
D:6:      layout_basic, uniq_duvessa, uniq_grinder
D:7:      layout_loops_cross, lemuel_temple_firewalk_b,
          kennysheep_generic_room_2, uniq_menkaure
D:8:      layout_loops_cross, minmay_chambers_of_fives
D:9:      layout_cross, kennysheep_generic_room_7, uniq_erolcha
Temple:   nicolae_temple_superstar

Skill      XL: |  1  2  3  4  5  6  7  8  9 10 |
---------------+-------------------------------+-----
Dodging        | 2 3 4 5 |  5.8
Stealth        | 2 3 4 5 |  5.0
Fighting       | 1 2 3 4 5 |  5.8
Spellcasting   | 3 4 6 7 8 |  8.0
Conjurations   | 5 6 7 9 |  9.4

Action                   |  1- 3 |  4- 6 |  7- 9 | 10-12 || total
-------------------------+-------+-------+-------+-------++-------
Melee: Unarmed           |     4 |       |       |       ||     4
       Dagger            |       |    53 |   130 |    24 ||   207
       Punch             |       |       |     1 |       ||     1
 Cast: Magic Dart        |    77 |    81 |    68 |     8 ||   234
       Searing Ray       |       |     9 |    33 |     6 ||    48
       Dazzling Flash    |       |     2 |    11 |     2 ||    15
       Iskenderun's Myst |       |       |     4 |     4 ||     8
  Use: Scroll            |     1 |     3 |     3 |     1 ||     8
       Potion            |       |       |       |     2 ||     2
 Stab: Sleeping          |     2 |     3 |     4 |     1 ||    10
       Paralysed         |       |    15 |    19 |       ||    34
       Invisible         |       |       |     2 |       ||     2
Armor: Robe              |     3 |     5 |       |       ||     8
       Leather armour    |       |       |    40 |     5 ||    45
       Skin              |       |       |       |    13 ||    13
Dodge: Dodged            |     8 |    37 |   131 |    26 ||   202
